 Dungeon Crawl Stone Soup version 0.29.1-12-g30fa7ad0bf (webtiles) character file.

Game seed: 8663444976221631765

145 wormed the Shooter (level 5, -2/32 HPs)
             Began as a Kobold Hunter on Dec 24, 2022.
             Slain by Duvessa
             ... wielding a +0 rapier
              (10 damage)
             ... on level 4 of the Dungeon.
             The game lasted 00:05:59 (2942 turns).

wormed the Shooter (Kobold Hunter)                  Turns: 2942, Time: 00:06:00

Health: -2/32      AC:  5    Str:  6 (9)  XL:     5   Next: 53%
Magic:  5/5        EV: 15    Int:  8 (10) God:
Gold:   149        SH:  0    Dex: 17 (20) Spells: 4/4 levels left

rFire   . . .      SeeInvis .   a - +0 shortbow
rCold   . . .      Faith    .   (shield currently unavailable)
rNeg    . . .      Spirit   .   e - +2 leather armour {rPois}
rPois   +          Reflect  .   (no helmet)
rElec   .          Harm     .   (no cloak)
rCorr   .          Rampage  .   (no gloves)
Will    .....                   (no boots)
Stlth   +++.......              p - amulet of the acrobat
HPRegen 0.10/turn               (no ring)
MPRegen 0.09/turn               (no ring)

@: no status effects
A: small, no large weapons, nightstalker 3
a: no special abilities


You were on level 4 of the Dungeon.
You visited 1 branch of the dungeon, and saw 4 of its levels.

You collected 149 gold pieces.

Inventory:

Hand Weapons
 a - a +0 shortbow (weapon)
 k - a +2 short sword of venom
Armour
 e - a +2 leather armour of poison resistance (worn)
Jewellery
 p - an amulet of the acrobat (around neck)
 r - a ring of magical power
Wands
 q - a wand of mindburst (11)
Scrolls
 b - 2 scrolls of immolation
 c - 2 scrolls of identify {unknown}
 d - 2 scrolls of fog {unknown}
 h - a scroll of magic mapping {unknown}
 i - a scroll of noise {unknown}
 j - 2 scrolls of teleportation {unknown}
 n - a scroll of brand weapon {unknown}
 o - a scroll of vulnerability {unknown}
Potions
 f - a potion of magic {unknown}
 g - a potion of attraction
 l - 2 potions of flight {unknown}
 m - 2 potions of curing {unknown}


   Skills:
 + Level 3.3 Fighting
 + Level 6.2 Ranged Weapons
 + Level 3.8 Dodging
 + Level 3.7 Stealth


You had 4 spell levels left.
You didn't know any spells.
Your spell library was empty.

Dungeon Overview and Level Annotations

Branches:
Dungeon (4/15)
 Temple: D:4-7

Altars:
Uskayaw
Vehumet

Annotations:
D:4 Dowan, Duvessa


Innate Abilities, Weirdness & Mutations

You are small and have problems with some larger weapons.
You are completely attuned to the shadows.


Message History

Duvessa is severely wounded.
Duvessa barely misses you. Duvessa misses you.
You shoot an arrow.
The arrow hits Duvessa but does no damage.
Duvessa is severely wounded.
Duvessa says, "When magic and the sword combine, nothing stands against them."
Duvessa hits you with a +0 rapier.
You shoot an arrow.
The arrow hits Duvessa but does no damage.
Duvessa is severely wounded.
Duvessa hits you with a +0 rapier.
You are too injured to fight recklessly!
You are too injured to fight recklessly!
You are too injured to fight recklessly!
Fire: a) +0 shortbow
Press: ? - help, Q - select action, (/) - cycle Shift-Dir - straight line, f/p - Duvessa
Aim: Duvessa, wielding a +0 rapier and wearing a +3 ring mail of cold resistance (severely wounded, 71% to hit)
You shoot an arrow.
The arrow hits Duvessa but does no damage.
Duvessa is severely wounded.
Duvessa hits you with a +0 rapier.
* * * LOW HITPOINT WARNING * * *
Fire: a) +0 shortbow
Press: ? - help, Q - select action, (/) - cycle Shift-Dir - straight line, f/p - Duvessa
Aim: Duvessa, wielding a +0 rapier and wearing a +3 ring mail of cold resistance (severely wounded, 71% to hit)
You shoot an arrow. The arrow barely misses Duvessa.
The arrow barely misses Dowan.
Dowan mumbles some strange words.
Dowan blinks!
Duvessa completely misses you.
Dowan casts a spell.
Dowan blinks!
Duvessa hits you with a +0 rapier.
* * * LOW HITPOINT WARNING * * *
Fire: a) +0 shortbow
Press: ? - help, Q - select action, (/) - cycle Shift-Dir - straight line, f/p - Duvessa
Aim: Duvessa, wielding a +0 rapier and wearing a +3 ring mail of cold resistance (severely wounded, 71% to hit)
You shoot an arrow.
The arrow hits Duvessa but does no damage.
Duvessa is severely wounded.
Duvessa hits you with a +0 rapier!
You die...

##..###..
####..##...
#.....##...
#.###.##... #.#
#.##... ########.#
#.##.##
#........###.##.##
#§#####...........
#@# #.##########
#e# #.# #§# #.#
#e# #.# ... ..#


You could see Duvessa and Dowan.

Vanquished Creatures
  7 adders
  A dart slug (D:2)
  An orc (D:3)
  12 endoplasms
  2 giant cockroaches (D:1)
  4 goblins
  6 hobgoblins
  8 jackals
  6 quokkas
  5 ball pythons
  3 bats
  A frilled lizard (D:1)
  12 kobolds
  4 rats
72 creatures vanquished.

Notes
Turn   | Place    | Note
-------+----------+-------------------------------------------
     0 | D:1      | wormed the Kobold Hunter began the quest for the Orb.
     0 | D:1      | Reached XP level 1. HP: 12/12 MP: 1/1
    76 | D:1      | Reached XP level 2. HP: 18/18 MP: 2/2
   341 | D:1      | Reached XP level 3. HP: 22/22 MP: 3/3
   712 | D:1      | Found a faded altar of an unknown god.
  1106 | D:2      | Reached XP level 4. HP: 21/27 MP: 4/4
  1480 | D:2      | Reached skill level 6 in Ranged Weapons
  1505 | D:2      | Reached XP level 5. HP: 25/32 MP: 5/5
  2033 | D:3      | Found a hide-covered altar of Uskayaw.
  2190 | D:3      | Found a radiant altar of Vehumet.
  2929 | D:4      | Noticed Duvessa
  2931 | D:4      | Noticed Dowan
  2942 | D:4      | Slain by Duvessa

Illustrated notes

Levels and vault maps discovered:
D:1:      dpeg_arrival_tiny_a, layout_basic,
          ebering_ecumenical_altar_sacrificial
D:2:      layout_basic, hangedman_glass_teeth, minmay_tetromino_l4
D:3:      layout_basic, eat_drink_and_be_merry_uskayaw,
          mainiacjoe_overflow_catwalk
D:4:      layout_loops_ring, lemuel_tele_altar, temple_hall,
          chequers_serial_rivers_micro_d, grunt_tough_drop, uniq_duvessa,
          uniq_menkaure, uniq_grinder

Skill      XL: |  1  2  3  4 |
---------------+-------------+-----
Stealth        | 2 3 |  3.7
Dodging        | 3 |  3.8
Fighting       | 3 |  3.3
Ranged Weapons | 6 |  6.2

Action                   |  1- 3 |  4- 6 || total
-------------------------+-------+-------++-------
 Fire: Shortbow          |    84 |    88 ||   172
  Use: Potion            |       |     3 ||     3
Armor: Leather armour    |     8 |    27 ||    35
Dodge: Dodged            |    27 |    57 ||    84
